 Dungeon Crawl Stone Soup version 0.32-a0-120-gfac0567ad4 (webtiles) character file.

Game seed: 15469331669783757343

4423 PriceMaster the Jinx (level 10, -18/63 HPs)
             Began as an Octopode Conjurer on Feb 5, 2024.
             Was a Priest of the Shining One.
             Demolished by a komodo dragon (23 damage)
             ... on level 1 of the Lair of Beasts on Feb 6, 2024.
             The game lasted 00:32:34 (11842 turns).

PriceMaster the Jinx (Octopode Conjurer)           Turns: 11842, Time: 00:32:35

Health: -18/63     AC:  3    Str: 11    XL:     10   Next: 36%
Magic:  18/22      EV: 14    Int: 20    God:    the Shining One [***...]
Gold:   418        SH:  0    Dex: 11    Spells: 11/22 levels left

rFire   . . .        a - +2 falchion (holy)
rCold   . . .        i - orb {*channel}
rNeg    + . .        (helmet restricted)
rPois   .            (no amulet)
rElec   .            (no ring)
rCorr   .            (no ring)
SInv    .            (no ring)
Will    .....        (no ring)
Stlth   ++           (no ring)
HPRegen 0.30/turn    (no ring)
MPRegen 0.18/turn    (no ring)
                     (no ring)

%: channel magic (20%)
@: confusing by touch, weak-willed, jinxed, hasted, glowing, studying Air Magic,
very quick
A: almost no armour, amphibious, 8 rings, camouflage 1, gelatinous body 1,
(nimble swimmer 1), tentacles, fangs 1, iridescent scales 1, high MP 1,
MP-powered wands
a: Renounce Religion, Divine Shield, Cleansing Flame


You were on level 1 of the Lair of Beasts.
You worshipped the Shining One.
The Shining One was most pleased with you.
You visited 2 branches of the dungeon, and saw 9 of its levels.
You also visited: Sewer and Bailey.

You collected 418 gold pieces.

Inventory:

Hand Weapons
 a - a +2 falchion of holy wrath (weapon)
 b - a +0 dagger
 r - a +0 demon trident
Missiles
 u - 2 curare-tipped darts
Armour
 i - an orb of energy (worn)
Jewellery
 f - an amulet of magic regeneration
Wands
 s - a wand of charming (15)
 w - a wand of light (3)
Scrolls
 c - 3 scrolls of poison
 e - 3 scrolls of vulnerability
 o - 2 scrolls of fog
 p - a scroll of noise
 v - 2 scrolls of amnesia
 x - a scroll of teleportation
 y - a scroll of immolation
Potions
 d - a potion of resistance
 g - a potion of brilliance
 h - a potion of magic
 j - a potion of haste
 m - 5 potions of cancellation
 t - a potion of attraction


   Skills:
 + Level 3.5 Fighting
 + Level 1.3(2.6) Short Blades
 + Level 3.4(3.6) Long Blades
 - Level 4.0 Polearms
 + Level 4.8 Dodging
 + Level 5.0 Stealth
 + Level 6.7 Spellcasting
 + Level 6.2 Conjurations
 + Level 8.1 Hexes
 + Level 0.4 Evocations


You had 11 spell levels left.
You knew the following spells:

 Your Spells              Type           Power      Damage    Failure   Level
a - Magic Dart            Conj           100%       1d8       4%          1
b - Jinxbite              Hex            78%        N/A       3%          2
c - Searing Ray           Conj           62%        2d6       5%          2
d - Confusing Touch       Hex            39%        N/A       5%          3
e - Sigil of Binding      Hex            39%        N/A       5%          3

Your spell library contained the following spells:

 Spells                   Type           Power      Damage    Failure   Level
 Kiss of Death            Conj/Necr      76%        2d11      10%         1
 Scorch                   Fire           12%        2d5       32%         2
 Dimensional Bullseye     Hex/Tloc       11%        N/A       38%         4
 Flame Wave               Conj/Fire      19%        2d7       47%         4
 Fulminant Prism          Conj/Alch      9%         3d7       47%         4
 Iskenderun's Mystic Bla  Conj/Tloc      19%        2d6       47%         4
 Call Canine Familiar     Summ           6%         N/A       50%         3
 Gell's Gravitas          Tloc           6%         N/A       50%         3
 Teleport Other           Tloc           6%         N/A       50%         3
 Yara's Violent Unravell  Hex/Alch       11%        3d6       67%         5
 Dispel Undead            Necr           6%         3d8       85%         4
 Enfeeble                 Hex            19%        N/A       99%         7
 Dispersal                Tloc           3%         N/A       100%        6
 Summon Cactus Giant      Summ           3%         N/A       100%        6


Dungeon Overview and Level Annotations

Branches:
Dungeon (8/15)             Temple (0/1) D:7            Lair (1/5) D:8
  Sewer (visited)          Bailey (visited)

Altars:
Elyvilon
Fedhas
Kikubaaqudgha
Ru
Sif Muna
Trog
Xom
Zin
The Shining One

Annotations:
D:7 3 runed translucent doors, Atlas's ghost, novice DEFE; Azoth's ghost, novice DEHu; Frenzy's ghost, novice DsMo; audacious124's ghost, amateur DsEE; lunkers's ghost, novice OnGl


Innate Abilities, Weirdness & Mutations

You cannot wear most types of armour.
You are amphibious.
You can wear up to eight rings at the same time.
Your skin changes colour to match your surroundings (Stealth+).
Your rubbery body absorbs attacks. (AC +1, EV +1)
((You are camouflaged when in or above water. (Stealth+)))
You have tentacles for arms and can constrict up to eight enemies at once.
You have very sharp teeth.
You are partially covered in iridescent scales. (AC +2)
You have an increased reservoir of magic. (+10% MP)
You expend magic power (3 MP) to strengthen your wands.


Message History

The bullfrog is almost dead.
You constrict the bullfrog.
You kill the bullfrog!
You start resting.
The sprites lose interest in your situation.
You start resting.
Your binding sigils disappear.
You start resting.
You feel your willpower return.
Magic restored.
A komodo dragon comes into view.
Casting: Jinxbite (safe; 3% risk of failure)
Confirm with . or Enter, or press ? or * to list all spells.
Your tentacles begin to glow red.
The komodo dragon hisses angrily.
Casting: Confusing Touch (dangerous; 5% risk of failure)
Confirm with . or Enter, or press ? or * to list all spells.
You inscribe a pair of binding sigils.
Magical energy flows into your mind!
Casting: Sigil of Binding (dangerous; 5% risk of failure)
Confirm with . or Enter, or press ? or * to list all spells.
You beckon some vexing sprites to accompany your attacks.
You feel your willpower being sapped.
Okay, then.
The komodo dragon barely misses you.
You hit the komodo dragon but do no damage.
You squeeze the komodo dragon.
The komodo dragon is lightly wounded.
The komodo dragon bites you!
You hit the komodo dragon but do no damage.
You bite the komodo dragon, but do no damage.
The komodo dragon is lightly wounded.
The komodo dragon closely misses you. The komodo dragon bites you!!
You barely miss the komodo dragon. Your squeeze misses the komodo dragon.
The komodo dragon is lightly wounded.
The komodo dragon bites you!!
* * * LOW HITPOINT WARNING * * *
Okay, then.
Okay, then.
You feel yourself speed up. The komodo dragon bites you!!
You die...

....... #.......+ ..
#.......# .#
........# ..#
#.......# ...+
........# ####...##
#.......####.#.#....
.......†....^.......
............@l......
.........^..........
....................
.....####..###P.....
.....#..............
#P.#..........#....#
...#.#.............#
.....#........#.....
..P.#...(.......


You could see a komodo dragon.

Vanquished Creatures
  The ghost of cforsyth the Trooper, a novice DjWr of Okawaru (D:5)
  A gargoyle (Bailey)
  Jeremiah (D:7)
  A komodo dragon (Lair:1)
  A vampire (Bailey)
  A steam dragon (D:8)
  A water moccasin (D:6)
  An orc warrior (D:8)
  3 sky beasts
  A black bear (D:6)
  An ice beast (D:6)
  2 ogres
  A centaur (D:8)
  A phantom (D:7)
  A kobold brigand (D:6)
  2 scorpions
  8 bullfrogs
  5 wolf zombies (Bailey)
  2 electric eels (D:8)
  7 vampire bats (Bailey)
  A howler monkey (D:7)
  A hound (D:6)
  A jelly (D:5)
  3 bombardier beetles
  3 orc priests (D:8)
  2 iguanas
  4 orc wizards (D:8)
  A gnoll bouda (D:7)
  A sleepcap (D:8)
  A hell rat (Sewer)
  6 gnolls
  2 river rats (Sewer)
  5 adders
  A white imp (D:5)
  2 ufetubi (D:6)
  2 dart slugs
  6 ribbon worms
  33 orcs
  5 bats
  5 endoplasms
  4 giant cockroaches
  8 goblins
  6 hobgoblins
  7 jackals
  2 quokkas
  15 ball pythons
  A frilled lizard (D:1)
  12 kobolds
  14 orc zombies (Bailey)
  30 rats
  A butterfly (D:7)
227 creatures vanquished.

Notes
Turn   | Place    | Note
-------+----------+-------------------------------------------
     0 | D:1      | PriceMaster the Octopode Conjurer began the quest for the
                  | Orb.
     0 | D:1      | Reached XP level 1. HP: 11/11 MP: 3/3
   196 | D:1      | Reached XP level 2. HP: 17/17 MP: 5/5
   199 | D:1      | Learned a level 2 spell: Jinxbite
   212 | D:1      | Learned a level 2 spell: Searing Ray
   992 | D:2      | HP: 1/25 [constriction (1)]
   993 | D:2      | Reached XP level 3. HP: 1/21 MP: 6/6
  1206 | D:2      | Gained mutation: You are agile. (Dex +4, Str/Int -1)
                  | [potion of mutation]
  1206 | D:2      | Gained mutation: One of your tentacles bears a spike.
                  | [potion of mutation]
  1206 | D:2      | Gained mutation: You possess an exceptional clarity of
                  | mind. [potion of mutation]
  1217 | D:2      | Reached skill level 1 in Hexes
  1220 | D:2      | Reached skill level 1 in Short Blades
  1386 | D:2      | Lost mutation: You possess an exceptional clarity of mind.
                  | [potion of mutation]
  1386 | D:2      | Lost mutation: You are agile. (Dex +4, Str/Int -1) [potion
                  | of mutation]
  1386 | D:2      | Lost mutation: One of your tentacles bears a spike. [potion
                  | of mutation]
  1386 | D:2      | Gained mutation: You expend magic power (3 MP) to
                  | strengthen your wands. [potion of mutation]
  1386 | D:2      | Gained mutation: Your natural rate of healing is unusually
                  | fast. [potion of mutation]
  1397 | D:2      | Reached XP level 4. HP: 22/27 MP: 7/7
  1420 | D:2      | Found a shimmering altar of Xom.
  2188 | D:3      | Reached skill level 2 in Hexes
  2615 | D:3      | Reached XP level 5. HP: 32/32 MP: 3/8
  3581 | D:4      | Found a sacrificial altar of Ru.
  3590 | D:4      | Found a bloodstained altar of Trog.
  3594 | D:4      | Found a blossoming altar of Fedhas.
  3663 | D:4      | Found a glowing drain.
  3674 | Sewer    | Entered a sewer
  3910 | D:4      | Reached skill level 1 in Long Blades
  3910 | D:4      | Reached XP level 6. HP: 37/37 MP: 4/10
  4264 | D:4      | Reached skill level 1 in Fighting
  4355 | D:4      | Found a glowing silver altar of Zin.
  4415 | D:5      | Entered Level 5 of the Dungeon
  4448 | D:5      | Found a runed translucent door.
  4452 | D:5      | Noticed cforsyth's ghost (novice DjWr)
  4477 | D:5      | Reached skill level 3 in Hexes
  4650 | D:5      | Reached skill level 1 in Polearms
  4650 | D:5      | Reached XP level 7. HP: 37/43 MP: 4/11
  4843 | D:5      | Learned a level 3 spell: Confusing Touch
  5114 | D:5      | Found a runed translucent door.
  5181 | D:5      | Lost mutation: You expend magic power (3 MP) to strengthen
                  | your wands. [potion of mutation]
  5181 | D:5      | Lost mutation: Your natural rate of healing is unusually
                  | fast. [potion of mutation]
  5181 | D:5      | Gained mutation: You expend magic power (3 MP) to
                  | strengthen your wands. [potion of mutation]
  5181 | D:5      | Gained mutation: You have an increased reservoir of magic.
                  | (+10% MP) [potion of mutation]
  5181 | D:5      | Gained mutation: You have very sharp teeth. [potion of
                  | mutation]
  5181 | D:5      | Gained mutation: You are partially covered in iridescent
                  | scales. (AC +2) [potion of mutation]
  5193 | D:5      | Killed cforsyth's ghost
  5194 | D:5      | Reached skill level 5 in Conjurations
  5194 | D:5      | Reached XP level 8. HP: 50/50 MP: 5/14
  5199 | D:5      | Reached skill level 4 in Hexes
  5425 | D:6      | Found a shimmering blue altar of Sif Muna.
  5426 | D:6      | Found a glowing golden altar of the Shining One.
  5426 | D:6      | Found a white marble altar of Elyvilon.
  5446 | D:6      | Became a worshipper of the Shining One
  5789 | D:6      | Reached skill level 5 in Stealth
  5789 | D:6      | Reached skill level 5 in Hexes
  6221 | D:6      | Reached XP level 9. HP: 12/55 MP: 7/17
  6566 | D:6      | Reached skill level 5 in Spellcasting
  6665 | D:6      | Upgraded the game from 0.32-a0-43-g058985b245 to
                  | 0.32-a0-86-g8db1b9f803
  6700 | D:6      | Reached skill level 6 in Hexes
  7281 | D:7      | Found a staircase to the Ecumenical Temple.
  7461 | D:7      | Noticed Jeremiah
  7510 | D:7      | Killed Jeremiah
  7510 | D:7      | Reached * piety under the Shining One
  7643 | D:7      | Upgraded the game from 0.32-a0-86-g8db1b9f803 to
                  | 0.32-a0-120-gfac0567ad4
  7674 | D:7      | Reached skill level 7 in Hexes
  7883 | D:7      | Found a runed translucent gate.
  7883 | D:7      | Found a runed translucent gate.
  7884 | D:7      | Found a runed translucent gate.
  7884 | D:7      | Noticed lunkers's ghost (novice OnGl)
  7884 | D:7      | Noticed audacious124's ghost (amateur DsEE)
  7884 | D:7      | Noticed Azoth's ghost (novice DEHu)
  7884 | D:7      | Noticed Atlas's ghost (novice DEFE)
  7884 | D:7      | Noticed Frenzy's ghost (novice DsMo)
  8569 | D:8      | Found an ancient bone altar of Kikubaaqudgha.
  8587 | D:8      | Found a staircase to the Lair.
  8616 | D:8      | Found a flagged portal.
  8630 | Bailey   | Entered a bailey
  8735 | Bailey   | Reached ** piety under the Shining One
  9344 | Bailey   | Reached *** piety under the Shining One
  9378 | Bailey   | Noticed a gargoyle
  9396 | Bailey   | Killed a gargoyle
  9397 | Bailey   | Reached XP level 10. HP: 29/63 MP: 16/21
  9869 | D:8      | Learned a level 3 spell: Sigil of Binding
 11596 | Lair:1   | Entered Level 1 of the Lair of Beasts
 11619 | Lair:1   | Reached skill level 8 in Hexes
 11842 | Lair:1   | Demolished by a komodo dragon

Illustrated notes

Levels and vault maps discovered:
D:1:      minmay_arrival_loop, layout_basic, st_stairs_12
D:2:      layout_loops_ring, basic_altar, grunt_ministairs_9,
          kennysheep_generic_room_16
D:3:      layout_basic, minmay_quantized
D:4:      layout_basic, minmay_overflow_temple_star_quad,
          overflow_temple_1_default, cheibrodos_sewer_entry_sluice,
          minmay_rat_hole
D:5:      layout_loops_ring, ebering_ghost_sewer_f
D:6:      layout_rooms, gammafunk_temple_overflow_forgotten
D:7:      layout_basic, minmay_temple_entry_butterflies,
          gammafunk_ghost_cemetery, uniq_jeremiah
D:8:      layout_basic, old_standard_altar, lair_entry_dummy, enter_bailey_4,
          minivault_14
Lair:1:   layout_regular_city, infiniplex_staircase_pool

Skill      XL: |  1  2  3  4  5  6  7  8  9 10 |
---------------+-------------------------------+-----
Hexes          | 1 2 3 5 7 8 |  8.1
Short Blades   | 1 |  1.3
Stealth        | 3 4 5 |  5.0
Long Blades    | 1 2 3 |  3.4
Fighting       | 1 2 3 |  3.5
Dodging        | 3 4 |  4.8
Spellcasting   | 3 4 6 |  6.7
Polearms       | 1 2 4 |  4.0
Conjurations   | 5 6 |  6.2
Evocations     | |  0.4

Action                     |  1- 3 |  4- 6 |  7- 9 | 10-12 || total
---------------------------+-------+-------+-------+-------++-------
  Melee: Dagger            |    50 |    76 |       |       ||   126
         Tentacles         |    11 |    27 |    76 |    16 ||   130
         Constrict         |    10 |    39 |    67 |    15 ||   131
         Kick              |     2 |       |       |       ||     2
         Punch             |       |     2 |    27 |     9 ||    38
         Falchion          |       |    49 |   235 |    44 ||   328
         Demon trident     |       |    29 |    33 |       ||    62
         Bite              |       |       |    52 |    11 ||    63
   Cast: Magic Dart        |     2 |    12 |    15 |    22 ||    51
         Jinxbite          |    10 |    23 |    39 |    11 ||    83
         Searing Ray       |     5 |     9 |     8 |     1 ||    23
         Confusing Touch   |       |       |    42 |    14 ||    56
         Sigil of Binding  |       |       |       |     9 ||     9
  Evoke: Wand              |       |       |     1 |     5 ||     6
    Use: Potion            |     6 |     2 |    11 |     3 ||    22
         Scroll            |       |    12 |     3 |     6 ||    21
   Stab: Sleeping          |     4 |    10 |     1 |       ||    15
         Confused          |       |       |     1 |       ||     1
 Armour: Skin              |    38 |    89 |   194 |    33 ||   354
  Dodge: Dodged            |    53 |   138 |   263 |    34 ||   488

Table legend: (Time is in decaauts)
 A = Elapsed time spent in this place.
 B = Non-inter-level travel time spent in this place.
 C = Inter-level travel time spent in this place.
 D = Time resting spent in this place.
 E = Time spent auto-exploring this place.
 F = Levels seen in this place.
 G = Mean time per level.
                   A        B        C        D        E       F      G
               +--------+--------+--------+--------+--------+-----+--------+
         Total |  11879 |  11667 |    212 |   4381 |   5319 |  11 | 1079.9 |
       Dungeon |  10387 |  10175 |    212 |   3587 |   5015 |   8 | 1298.4 |
          Lair |    246 |    246 |      0 |    110 |     93 |   1 |  246.0 |
         Sewer |    115 |    115 |      0 |      0 |     66 |   1 |  115.0 |
        Bailey |   1129 |   1129 |      0 |    684 |    145 |   1 | 1129.0 |
               +--------+--------+--------+--------+--------+-----+--------+

Top non-repeatable levels by time:
     D:8: 2281 daAuts
     D:6: 1604 daAuts
     D:7: 1312 daAuts
     D:2: 1241 daAuts
     D:3: 1234 daAuts
  Bailey: 1129 daAuts
     D:4: 937 daAuts
     D:1: 907 daAuts
     D:5: 869 daAuts
  Lair:1: 246 daAuts
   Sewer: 115 daAuts
